Texas Stars vs Chicoutimi Sagueneens

Created - 5 décembre 2023 at 20:30

Goals
1 2 3 T
Texas Stars 0 2 2 4
Chicoutimi Sagueneens 4 0 4 8
Shots
1 2 3 T
Texas Stars 16 10 10 36
Chicoutimi Sagueneens 12 3 14 29

GoalsPenalties
1st period
1. Chicoutimi Sagueneens , Ridly Greig 21 (Dylan Sikura 14, Raphael Lavoie 21) at 1:00 (PP)
2. Chicoutimi Sagueneens , Ridly Greig 22 (Raphael Lavoie 22) at 3:11
3. Chicoutimi Sagueneens , Raphael Lavoie 17 (Dylan Sikura 15) at 9:40
4. Chicoutimi Sagueneens , Jamie Drysdale 5 (Ridly Greig 31) at 15:58
Clark Bishop (SAG) for Fighting (Major) at 0:46
Olivier Galipeau (STA) for Fighting (Major) at 0:46
Olivier Galipeau (STA) for instigated a fight (Minor) at 0:46
Olivier Galipeau (STA) for instigated a fight (10 Minutes Misconduct) at 0:46
Reilly Walsh (SAG) for Fighting (Major) at 3:12
Joona Luoto (STA) for Fighting (Major) at 3:12
Joseph Cramarossa (STA) for Slashing (Minor) at 11:37
Gabriel Fortier (SAG) for Fighting (Major) at 17:16
James Greenway (STA) for Fighting (Major) at 17:16
Reilly Walsh (SAG) for Fighting (Major) at 17:48
Jon Lizotte (STA) for Fighting (Major) at 17:48
2nd period
5. Texas Stars , Glenn Gawdin 24 (Xavier Simoneau 24) at 0:09
6. Texas Stars , Joseph Cramarossa 10 (Laurent Dauphin 12, Xavier Simoneau 25) at 12:23
Alex Steeves (SAG) for Fighting (Major) at 0:07
Josh Jacobs (STA) for Fighting (Major) at 0:07
Ilya Solovyov (SAG) for Fighting (Major) at 0:28
Connor Corcoran (STA) for Fighting (Major) at 0:28
Ilya Solovyov (SAG) for instigated a fight (Minor) at 0:28
Ilya Solovyov (SAG) for instigated a fight (10 Minutes Misconduct) at 0:28
Tye Felhaber (SAG) for Hooking (Minor) at 10:03
Clark Bishop (SAG) for Fighting (Major) at 12:24
Jon Lizotte (STA) for Fighting (Major) at 12:24
3rd period
7. Chicoutimi Sagueneens , Jonathan Gruden 9 (Jamie Drysdale 29, Libor Hajek 12) at 1:04
8. Chicoutimi Sagueneens , Hugh McGing 17 (Clark Bishop 16, Jonathan Gruden 15) at 7:37
9. Texas Stars , Laurent Dauphin 17 (Glenn Gawdin 26) at 7:47
10. Chicoutimi Sagueneens , Raphael Lavoie 18 (Ridly Greig 32) at 7:53
11. Chicoutimi Sagueneens , Clark Bishop 14 (Jamie Drysdale 30, Jakub Zboril 10) at 12:41
12. Texas Stars , Alex Galchenyuk 13 (Alan Quine 22, Cale Fleury 20) at 13:16 (SH)
Xavier Simoneau (STA) for Interference (Minor) at 12:59
Goalie Stats
Malcolm Subban (STA), 6 saves from 10 shots - (0,600), 15:58 minutes
Hunter Shepard (STA), 15 saves from 19 shots - (0,789), L, 5-8-4, 44:02 minutes
Magnus Hellberg (SAG), 32 saves from 36 shots - (0,889), W, 9-5-2, 60:00 minutes
3 StarsOfficial
1 - Raphael Lavoie (SAG)
2 - Ridly Greig (SAG)
3 - Jamie Drysdale (SAG)
Referees : Kyle Rehman and Ghislain Hebert
Linesman : Neil Campbell and Travis Toomey
Game Note
Clark Bishop and Olivier Galipeau fight to a draw at 0:46 of 1st period
Reilly Walsh and Joona Luoto fight to a draw at 3:12 of 1st period
Hunter Shepard enters game at 15:58 of 1st period
Gabriel Fortier and James Greenway fight to a draw at 17:16 of 1st period
Jon Lizotte beats up Reilly Walsh at 17:48 of 1st period
Alex Steeves beats up Josh Jacobs at 0:07 of 2nd period
Connor Corcoran beats up Ilya Solovyov at 0:28 of 2nd period
Clark Bishop beats up Jon Lizotte at 12:24 of 2nd period
Finance
Level 1 -- Attendance: 1616 (80,80%) -- Ticket Income $56,560
Level 2 -- Attendance: 1000 (100,00%) -- Ticket Income $15,000
Total Attendance: 2616 (87,20%)
Total Ticket Income: $71,560
Other Income: $35,064
Total Income: $106,624



Team Name Goals Shots Shots Attemp Shots Blocked PIM HIT PP PK FO%
Texas Stars 43688951110 / 2 (0%)149%
Chicoutimi Sagueneens 829522149251 / 3 (33%)051%

Texas Stars
Player Name POS G A P +/- PIM HIT SHT SB MP PP MP PP SHT PK MP PK SHT FO% FOT GA TA
Alan QuineC/LW0110001016:342:0602:37060% 1500
Alex GalchenyukC/LW/RW101-1025018:531:5602:36144% 921
Cale FleuryD0110013223:352:3102:3000% 002
Cedric PareC000-2023116:431:5001:05058% 1201
Connor CorcoranD0001511114:490:0000:0000% 000
Glenn GawdinC/RW112-1004021:072:0601:0500% 010
James GreenwayC/LW/RW/D000-1531012:501:0900:2000% 000
Jon LizotteD000-21001020:570:0002:3000% 000
Joona LuotoLW/RW000-1501012:301:5000:0000% 011
Joseph CramarossaC/LW1010203012:550:0200:0000% 000
Josh JacobsD000-2502119:440:5001:4200% 001
Laurent DauphinC/LW/RW1120001118:240:0000:000100% 101
Luke JohnsonC000-100309:530:3700:4100% 410
Matthew StromeLW000-100107:310:0000:0000% 000
Olivier GalipeauD00001700011:001:2200:0000% 012
Spencer SmallmanRW000-2013115:411:5200:0000% 011
Tobie Paquette-BissonD000-3000222:151:2701:4200% 000
Xavier SimoneauC0220213020:180:1200:00047% 3212
Chicoutimi Sagueneens
Player Name POS G A P +/- PIM HIT SHT SB MP PP MP PP SHT PK MP PK SHT FO% FOT GA TA
Alex SteevesC/LW/RW000-1511018:102:0601:09033% 310
Clark BishopC1122101209:490:0000:00043% 711
Dylan SikuraC/LW/RW0222032120:322:0602:010100% 110
Fabian LysellRW000-1020118:062:0600:0000% 000
Gabriel FortierC/LW000-1502116:462:0600:00045% 2000
Hugh McGingC/LW1012002113:290:0000:0900% 201
Ilya SolovyovD00021720013:170:0000:0000% 001
Jakub ZborilD0111001524:302:0802:2300% 001
Jamie DrysdaleD1231001523:572:0802:2300% 041
Jonathan GrudenC/LW1122012013:340:0000:5200% 100
Josh ManiscalcoD0002011016:210:0000:5700% 000
Libor HajekD0110021223:342:0401:3500% 001
Luke ToporowskiLW000002001:330:0000:000100% 100
Nathan SmithC000000006:490:0000:00075% 400
Nolan StevensC/LW0000012010:070:0000:22060% 510
Raphael LavoieC/RW2242053220:012:0601:35057% 2830
Reilly WalshD00001001218:122:0400:3800% 000
Ridly GreigLW2242048120:142:0631:4800% 112
Tye FelhaberC/LW000020006:530:0000:0000% 000

Texas Stars

5 vs 5 Forward
Line #Left WingCenterRight WingPHYDFOFWanted %Time %Time Play
1Laurent DauphinXavier SimoneauGlenn Gawdin1224036%18:39
2Alex GalchenyukCedric PareSpencer Smallman1223027%13:49
3Joseph CramarossaAlan QuineJoona Luoto1222023%11:51
4Matthew StromeLuke JohnsonJames Greenway1221015%7:31
5 vs 5 Defense
Line #DefenseDefensePHYDFOFWanted %Time %Time Play
1Tobie Paquette-BissonJon Lizotte1224039%20:01
2Cale FleuryJosh Jacobs1223030%15:37
3Connor CorcoranOlivier Galipeau1222022%11:12
4Josh JacobsJon Lizotte1221010%5:00
Power Play Forward
Line #Left WingCenterRight WingPHYDFOFWanted %Time %Time Play
1Alan QuineAlex GalchenyukGlenn Gawdin1226053%2:06
2Joona LuotoCedric PareSpencer Smallman1224047%1:52
Power Play Defense
Line #DefenseDefensePHYDFOFWanted %Time %Time Play
1Cale FleuryJames Greenway1226063%2:31
2Tobie Paquette-BissonJosh Jacobs1224037%1:27
Penalty Kill 4 Players Forward
Line #CenterWingPHYDFOFWanted %Time %Time Play
1Alex GalchenyukAlan Quine1226074%3:07
2Glenn GawdinCedric Pare1224026%1:05
Penalty Kill 4 Players Defense
Line #DefenseDefensePHYDFOFWanted %Time %Time Play
1Cale FleuryJon Lizotte1226060%2:30
2Tobie Paquette-BissonJosh Jacobs1224040%1:42
Penalty Kill 3 Players
Line #WingPHYDFOFWanted %Time %Time PlayDefenseDefensePHYDFOFWanted %Time %Time Play
1Alex Galchenyuk122600%0:00 Cale FleuryJon Lizotte122600%0:00
2Alan Quine122400%0:00 Tobie Paquette-BissonJosh Jacobs122400%0:00
4 vs 4 Forward
Line #CenterWingPHYDFOFWanted %Time %Time Play
1Alex GalchenyukAlan Quine122600%0:00
2Glenn GawdinCedric Pare122400%0:00
4 vs 4 Defense
Line #DefensePHYDFOFWanted %Time %Time Play
1Cale FleuryJames Greenway122600%0:00
2Tobie Paquette-BissonJosh Jacobs122400%0:00
Last Minutes Offensive
Left WingCenterRight WingDefenseDefense
Alan QuineAlex GalchenyukGlenn GawdinCale FleuryJon Lizotte
Last Minutes Defensive
Left WingCenterRight WingDefenseDefense
Alan QuineAlex GalchenyukGlenn GawdinCale FleuryJon Lizotte
Time
Total ForwardTotal DefenseLast Minutes OffensiveLast Minutes Defensive
60:00 60:00 0:000:00
Extra Forwards
Normal PowerPlayPenalty Kill
Xavier Simoneau, Joseph Cramarossa, Luke JohnsonXavier Simoneau, Joseph CramarossaLuke Johnson
Extra Defensemen
Normal PowerPlayPenalty Kill
Connor Corcoran, Olivier Galipeau, James GreenwayConnor Corcoran, Olivier GalipeauJames Greenway
Penalty Shots
Alex Galchenyuk, Alan Quine, Glenn Gawdin, Cedric Pare, Spencer Smallman
Goalie
Malcolm Subban, Hunter Shepard
Scratches
Louis Crevier (Healthy), Strauss Mann (Healthy)

Chicoutimi Sagueneens

5 vs 5 Forward
Line #Left WingCenterRight WingPHYDFOFWanted %Time %Time Play
1Ridly GreigRaphael LavoieDylan Sikura0233332%16:20
2Fabian LysellGabriel FortierAlex Steeves0233331%16:05
3Hugh McGingClark BishopJonathan Gruden0232524%12:36
4Nolan StevensNathan SmithTye Felhaber023913%6:49
5 vs 5 Defense
Line #DefenseDefensePHYDFOFWanted %Time %Time Play
1Jamie DrysdaleJakub Zboril0323231%16:00
2Libor HajekReilly Walsh0323232%16:35
3Ilya SolovyovJosh Maniscalco0323132%16:23
4Libor HajekJakub Zboril03256%2:52
Power Play Forward
Line #Left WingCenterRight WingPHYDFOFWanted %Time %Time Play
1Ridly GreigRaphael LavoieDylan Sikura0235050%2:06
2Alex SteevesGabriel FortierFabian Lysell0235050%2:06
Power Play Defense
Line #DefenseDefensePHYDFOFWanted %Time %Time Play
1Jamie DrysdaleJakub Zboril0235051%2:08
2Libor HajekReilly Walsh0235049%2:04
Penalty Kill 4 Players Forward
Line #CenterWingPHYDFOFWanted %Time %Time Play
1Raphael LavoieRidly Greig0325140%1:35
2Alex SteevesDylan Sikura0324960%2:23
Penalty Kill 4 Players Defense
Line #DefenseDefensePHYDFOFWanted %Time %Time Play
1Jamie DrysdaleJakub Zboril0325060%2:23
2Libor HajekReilly Walsh0325040%1:35
Penalty Kill 3 Players
Line #WingPHYDFOFWanted %Time %Time PlayDefenseDefensePHYDFOFWanted %Time %Time Play
1Raphael Lavoie041500%0:00 Jamie DrysdaleJakub Zboril041500%0:00
2Dylan Sikura041500%0:00 Libor HajekReilly Walsh041500%0:00
4 vs 4 Forward
Line #CenterWingPHYDFOFWanted %Time %Time Play
1Raphael LavoieRidly Greig023510%0:00
2Alex SteevesDylan Sikura023490%0:00
4 vs 4 Defense
Line #DefensePHYDFOFWanted %Time %Time Play
1Jamie DrysdaleJakub Zboril023500%0:00
2Libor HajekReilly Walsh023500%0:00
Last Minutes Offensive
Left WingCenterRight WingDefenseDefense
Ridly GreigRaphael LavoieDylan SikuraLibor HajekJakub Zboril
Last Minutes Defensive
Left WingCenterRight WingDefenseDefense
Ridly GreigRaphael LavoieAlex SteevesLibor HajekJakub Zboril
Time
Total ForwardTotal DefenseLast Minutes OffensiveLast Minutes Defensive
60:00 60:00 0:000:00
Extra Forwards
Normal PowerPlayPenalty Kill
Nolan Stevens, Hugh McGing, Luke ToporowskiLuke Toporowski, Fabian LysellJonathan Gruden
Extra Defensemen
Normal PowerPlayPenalty Kill
Ilya Solovyov, Reilly Walsh, Josh ManiscalcoIlya Solovyov, Reilly WalshJosh Maniscalco
Penalty Shots
Ridly Greig, Dylan Sikura, Alex Steeves, Raphael Lavoie, Jamie Drysdale
Goalie
Magnus Hellberg, Zane McIntyre
Scratches
Tristan Mullin (Healthy), Samuel Poulin (Healthy), Patrick Guay (Healthy)


Play-by-Play

1st period


0:01 of 1st period - Raphael Lavoie wins face-off versus Xavier Simoneau in neutral zone.
0:03 of 1st period - Off-side.
0:04 of 1st period - Dylan Sikura wins face-off versus Xavier Simoneau in neutral zone.
0:19 of 1st period - Backhand shot by Raphael Lavoie.
0:19 of 1st period - Deflect By Ridly Greig.
0:19 of 1st period - Shot Misses the Net.
0:19 of 1st period - Puck is out of play.
0:20 of 1st period - Cedric Pare wins face-off versus Gabriel Fortier in Texas Stars zone.
0:20 of 1st period - Cedric Pare is hit by Fabian Lysell.
0:30 of 1st period - Wrist shot by Cedric Pare.
0:30 of 1st period - Shot Blocked by Gabriel Fortier.
0:32 of 1st period - Wrist shot by Cedric Pare.
0:32 of 1st period - Stopped by Magnus Hellberg with a rebound.
0:34 of 1st period - Wrist shot by Alex Galchenyuk.
0:34 of 1st period - Shot Misses the Net.
0:36 of 1st period - Slapshot by Cedric Pare.
0:36 of 1st period - Shot Blocked by Reilly Walsh.
0:43 of 1st period - Icing by Reilly Walsh.
0:44 of 1st period - Gabriel Fortier wins face-off versus Alan Quine in Chicoutimi Sagueneens zone.
0:46 of 1st period - Clark Bishop and Olivier Galipeau fight to a draw.
0:46 of 1st period - Penalty to Clark Bishop for Fighting.
0:46 of 1st period - Penalty to Olivier Galipeau for Fighting.
0:46 of 1st period - Penalty to Olivier Galipeau for instigated a fight.
0:46 of 1st period - Penalty to Olivier Galipeau for instigated a fight.
0:47 of 1st period - Alex Galchenyuk wins face-off versus Raphael Lavoie in neutral zone.
0:52 of 1st period - Wrist shot by Alan Quine.
0:52 of 1st period - Deflect By Alex Galchenyuk.
0:52 of 1st period - Shot Misses the Net.
0:52 of 1st period - Puck is out of play.
0:53 of 1st period - Raphael Lavoie wins face-off versus Alex Galchenyuk in Chicoutimi Sagueneens zone.
1:00 of 1st period - Wrist shot by Ridly Greig.
1:00 of 1st period - Goal by Ridly Greig - Texas Stars : 0 - Chicoutimi Sagueneens : 1.
1:01 of 1st period - Nolan Stevens wins face-off versus Luke Johnson in neutral zone.
1:04 of 1st period - Matthew Strome is hit by Nolan Stevens.
1:08 of 1st period - Jonathan Gruden is hit by James Greenway and loses puck.
1:43 of 1st period - Cale Fleury is hit by Ilya Solovyov and loses puck.
1:57 of 1st period - Icing by Connor Corcoran.
1:58 of 1st period - Xavier Simoneau wins face-off versus Gabriel Fortier in Texas Stars zone.
2:43 of 1st period - Snap shot by Laurent Dauphin.
2:43 of 1st period - Shot Misses the Net.
2:45 of 1st period - Slapshot by Glenn Gawdin.
2:45 of 1st period - Shot Blocked by Jamie Drysdale.
2:47 of 1st period - Slapshot by Connor Corcoran.
2:47 of 1st period - Shot Blocked by Jakub Zboril.
2:49 of 1st period - Slapshot by Glenn Gawdin.
2:49 of 1st period - Stopped by Magnus Hellberg with a rebound.
2:51 of 1st period - Slapshot by Connor Corcoran.
2:51 of 1st period - Stopped by Magnus Hellberg with a rebound.
2:53 of 1st period - Snap shot by Glenn Gawdin.
2:53 of 1st period - Deflect By Laurent Dauphin.
2:53 of 1st period - Shot Misses the Net.
2:53 of 1st period - Puck is out of play.
2:54 of 1st period - Nolan Stevens wins face-off versus Cedric Pare in Chicoutimi Sagueneens zone.
3:05 of 1st period - Icing by Tobie Paquette-Bisson.
3:06 of 1st period - Raphael Lavoie wins face-off versus Cedric Pare in Texas Stars zone.
3:09 of 1st period - Snap shot by Ridly Greig.
3:09 of 1st period - Stopped by Malcolm Subban with a rebound.
3:11 of 1st period - Snap shot by Ridly Greig.
3:11 of 1st period - Goal by Ridly Greig - Texas Stars : 0 - Chicoutimi Sagueneens : 2.
3:12 of 1st period - Nathan Smith wins face-off versus Alan Quine in neutral zone.
3:12 of 1st period - Reilly Walsh and Joona Luoto fight to a draw.
3:12 of 1st period - Penalty to Reilly Walsh for Fighting.
3:12 of 1st period - Penalty to Joona Luoto for Fighting.
3:13 of 1st period - Nathan Smith wins face-off versus Alan Quine in neutral zone.
3:18 of 1st period - Slapshot by Alan Quine.
3:18 of 1st period - Deflect By Joseph Cramarossa.
3:18 of 1st period - Shot Misses the Net.
3:18 of 1st period - Puck is out of play.
3:19 of 1st period - Alan Quine wins face-off versus Nathan Smith in Chicoutimi Sagueneens zone.
3:44 of 1st period - Cedric Pare is hit by Raphael Lavoie and loses puck.
3:51 of 1st period - Ridly Greig is hit by Cedric Pare and loses puck.
4:45 of 1st period - Spencer Smallman is hit by Dylan Sikura and loses puck.
4:59 of 1st period - Icing by James Greenway.
5:00 of 1st period - Luke Toporowski wins face-off versus Xavier Simoneau in Texas Stars zone.
5:53 of 1st period - Wrist shot by Alex Galchenyuk.
5:53 of 1st period - Stopped by Magnus Hellberg with a rebound.
6:17 of 1st period - Slapshot by Alex Steeves.
6:17 of 1st period - Shot Blocked by Cale Fleury.
6:42 of 1st period - Cale Fleury is hit by Libor Hajek and loses puck.
7:03 of 1st period - Snap shot by Glenn Gawdin.
7:03 of 1st period - Stopped by Magnus Hellberg with a rebound.
7:05 of 1st period - Slapshot by Xavier Simoneau.
7:05 of 1st period - Stopped by Magnus Hellberg without a rebound.
7:06 of 1st period - Cedric Pare wins face-off versus Gabriel Fortier in Chicoutimi Sagueneens zone.
7:07 of 1st period - Snap shot by Spencer Smallman.
7:07 of 1st period - Shot Blocked by Jamie Drysdale.
7:09 of 1st period - Snap shot by Cedric Pare.
7:09 of 1st period - Shot Blocked by Jamie Drysdale.
7:15 of 1st period - Snap shot by Alex Galchenyuk.
7:15 of 1st period - Shot Blocked by Jakub Zboril.
7:17 of 1st period - Snap shot by Alex Galchenyuk.
7:17 of 1st period - Shot Misses the Net.
7:21 of 1st period - Snap shot by Alex Galchenyuk.
7:21 of 1st period - Shot Misses the Net.
7:33 of 1st period - Snap shot by Luke Johnson.
7:33 of 1st period - Stopped by Magnus Hellberg with a rebound.
7:35 of 1st period - Slapshot by Luke Johnson.
7:35 of 1st period - Stopped by Magnus Hellberg with a rebound.
7:39 of 1st period - Wrist shot by Luke Johnson.
7:39 of 1st period - Stopped by Magnus Hellberg without a rebound.
7:40 of 1st period - Cedric Pare wins face-off versus Ridly Greig in Chicoutimi Sagueneens zone.
7:41 of 1st period - Snap shot by Alex Galchenyuk.
7:41 of 1st period - Deflect By Spencer Smallman.
7:41 of 1st period - Shot Blocked by Ridly Greig.
7:41 of 1st period - Puck is out of play.
7:42 of 1st period - Cedric Pare wins face-off versus Raphael Lavoie in Chicoutimi Sagueneens zone.
7:45 of 1st period - Wrist shot by Cedric Pare.
7:45 of 1st period - Shot Blocked by Dylan Sikura.
7:47 of 1st period - Wrist shot by Cedric Pare.
7:47 of 1st period - Stopped by Magnus Hellberg with a rebound.
7:49 of 1st period - Slapshot by Jon Lizotte.
7:49 of 1st period - Stopped by Magnus Hellberg without a rebound.
7:50 of 1st period - Raphael Lavoie wins face-off versus Cedric Pare in Chicoutimi Sagueneens zone.
7:59 of 1st period - Snap shot by Alex Galchenyuk.
7:59 of 1st period - Shot Misses the Net.
8:03 of 1st period - Slapshot by Alex Galchenyuk.
8:03 of 1st period - Stopped by Magnus Hellberg with a rebound.
8:13 of 1st period - Slapshot by Ridly Greig.
8:13 of 1st period - Stopped by Malcolm Subban with a rebound.
8:16 of 1st period - Icing by Spencer Smallman.
8:17 of 1st period - Cedric Pare wins face-off versus Hugh McGing in Texas Stars zone.
9:26 of 1st period - Snap shot by Alex Galchenyuk.
9:26 of 1st period - Stopped by Magnus Hellberg with a rebound.
9:28 of 1st period - Wrist shot by Cedric Pare.
9:28 of 1st period - Shot Blocked by Libor Hajek.
9:30 of 1st period - Wrist shot by Spencer Smallman.
9:30 of 1st period - Shot Blocked by Libor Hajek.
9:32 of 1st period - Snap shot by Tobie Paquette-Bisson.
9:32 of 1st period - Shot Misses the Net.
9:34 of 1st period - Snap shot by Cedric Pare.
9:34 of 1st period - Stopped by Magnus Hellberg without a rebound.
9:35 of 1st period - Raphael Lavoie wins face-off versus Alan Quine in Chicoutimi Sagueneens zone.
9:40 of 1st period - Wrist shot by Raphael Lavoie.
9:40 of 1st period - Goal by Raphael Lavoie - Texas Stars : 0 - Chicoutimi Sagueneens : 3.
9:41 of 1st period - Alex Steeves wins face-off versus Xavier Simoneau in neutral zone.
10:06 of 1st period - Ilya Solovyov is hit by Cale Fleury and loses puck.
11:19 of 1st period - Ridly Greig is hit by Alex Galchenyuk and loses puck.
11:37 of 1st period - Minor Penalty to Joseph Cramarossa for Slashing.
11:38 of 1st period - Alex Galchenyuk wins face-off versus Alex Steeves in Texas Stars zone.
12:03 of 1st period - Jon Lizotte is hit by Raphael Lavoie and loses puck.
12:31 of 1st period - Snap shot by Glenn Gawdin.
12:31 of 1st period - Shot Blocked by Jamie Drysdale.
12:33 of 1st period - Wrist shot by Cedric Pare.
12:33 of 1st period - Deflect By Glenn Gawdin.
12:33 of 1st period - Shot Misses the Net.
12:33 of 1st period - Puck is out of play.
12:34 of 1st period - Raphael Lavoie wins face-off versus Alex Galchenyuk in Chicoutimi Sagueneens zone.
12:39 of 1st period - Slapshot by Ridly Greig.
12:39 of 1st period - Stopped by Malcolm Subban with a rebound.
13:37 of 1st period - Penalty to Joseph Cramarossa is over, Joseph Cramarossa is back on ice.
13:40 of 1st period - Joseph Cramarossa is hit by Ridly Greig and loses puck.
14:34 of 1st period - Wrist shot by Alex Steeves.
14:34 of 1st period - Stopped by Malcolm Subban with a rebound.
14:43 of 1st period - Off-side.
14:44 of 1st period - Clark Bishop wins face-off versus Xavier Simoneau in neutral zone.
14:48 of 1st period - Slapshot by Hugh McGing.
14:48 of 1st period - Stopped by Malcolm Subban with a rebound.
14:50 of 1st period - Slapshot by Libor Hajek.
14:50 of 1st period - Stopped by Malcolm Subban without a rebound.
14:51 of 1st period - Xavier Simoneau wins face-off versus Raphael Lavoie in Texas Stars zone.
14:51 of 1st period - Xavier Simoneau is hit by Ridly Greig.
14:59 of 1st period - Snap shot by Xavier Simoneau.
14:59 of 1st period - Stopped by Magnus Hellberg with a rebound.
15:25 of 1st period - Snap shot by Cale Fleury.
15:25 of 1st period - Stopped by Magnus Hellberg without a rebound.
15:26 of 1st period - Alan Quine wins face-off versus Gabriel Fortier in Chicoutimi Sagueneens zone.
15:46 of 1st period - 10 Minutes Misconduct Penalty to Olivier Galipeau is over.
15:58 of 1st period - Backhand shot by Jamie Drysdale.
15:58 of 1st period - Goal by Jamie Drysdale - Texas Stars : 0 - Chicoutimi Sagueneens : 4.
15:58 of 1st period - Hunter Shepard enters game.
15:59 of 1st period - Xavier Simoneau wins face-off versus Gabriel Fortier in neutral zone.
16:55 of 1st period - Wrist shot by Nolan Stevens.
16:55 of 1st period - Shot Misses the Net.
16:57 of 1st period - Slapshot by Josh Maniscalco.
16:57 of 1st period - Deflect By Cedric Pare.
16:57 of 1st period - Stopped by Hunter Shepard with a rebound.
17:09 of 1st period - Snap shot by Fabian Lysell.
17:09 of 1st period - Shot Misses the Net.
17:11 of 1st period - Snap shot by Gabriel Fortier.
17:11 of 1st period - Shot Misses the Net.
17:13 of 1st period - Snap shot by Josh Maniscalco.
17:13 of 1st period - Deflect By Gabriel Fortier.
17:13 of 1st period - Shot Blocked by Cale Fleury.
17:13 of 1st period - Puck is out of play.
17:14 of 1st period - Gabriel Fortier wins face-off versus Luke Johnson in Texas Stars zone.
17:16 of 1st period - Gabriel Fortier and James Greenway fight to a draw.
17:16 of 1st period - Penalty to Gabriel Fortier for Fighting.
17:16 of 1st period - Penalty to James Greenway for Fighting.
17:17 of 1st period - Xavier Simoneau wins face-off versus Raphael Lavoie in Texas Stars zone.
17:47 of 1st period - Slapshot by Cedric Pare.
17:47 of 1st period - Shot Misses the Net.
17:48 of 1st period - Jon Lizotte beats up Reilly Walsh.
17:48 of 1st period - Penalty to Reilly Walsh for Fighting.
17:48 of 1st period - Penalty to Jon Lizotte for Fighting.
17:49 of 1st period - Raphael Lavoie wins face-off versus Xavier Simoneau in Chicoutimi Sagueneens zone.
18:02 of 1st period - Snap shot by Raphael Lavoie.
18:02 of 1st period - Shot Blocked by Laurent Dauphin.
18:04 of 1st period - Slapshot by Jakub Zboril.
18:04 of 1st period - Deflect By Raphael Lavoie.
18:04 of 1st period - Shot Misses the Net.
18:04 of 1st period - Puck is out of play.
18:05 of 1st period - Nolan Stevens wins face-off versus Alan Quine in Texas Stars zone.
18:18 of 1st period - Wrist shot by Nolan Stevens.
18:18 of 1st period - Stopped by Hunter Shepard with a rebound.
18:20 of 1st period - Slapshot by Libor Hajek.
18:20 of 1st period - Shot Blocked by Connor Corcoran.
Goals for this period are 0 for Texas Stars vs 4 for Chicoutimi Sagueneens.
Shots for this period are 16 for Texas Stars vs 12 for Chicoutimi Sagueneens.

2nd period


0:01 of 2nd period - Xavier Simoneau wins face-off versus Nolan Stevens in neutral zone.
0:07 of 2nd period - Alex Steeves beats up Josh Jacobs.
0:07 of 2nd period - Penalty to Alex Steeves for Fighting.
0:07 of 2nd period - Penalty to Josh Jacobs for Fighting.
0:08 of 2nd period - Xavier Simoneau wins face-off versus Raphael Lavoie in Chicoutimi Sagueneens zone.
0:09 of 2nd period - Snap shot by Glenn Gawdin.
0:09 of 2nd period - Goal by Glenn Gawdin - Texas Stars : 1 - Chicoutimi Sagueneens : 4.
0:10 of 2nd period - Xavier Simoneau wins face-off versus Nolan Stevens in neutral zone.
0:28 of 2nd period - Connor Corcoran beats up Ilya Solovyov.
0:28 of 2nd period - Penalty to Ilya Solovyov for Fighting.
0:28 of 2nd period - Penalty to Connor Corcoran for Fighting.
0:28 of 2nd period - Penalty to Ilya Solovyov for instigated a fight.
0:28 of 2nd period - Penalty to Ilya Solovyov for instigated a fight.
0:29 of 2nd period - Raphael Lavoie wins face-off versus Alex Galchenyuk in Texas Stars zone.
0:38 of 2nd period - Wrist shot by Alex Galchenyuk.
0:38 of 2nd period - Shot Blocked by Jakub Zboril.
0:40 of 2nd period - Snap shot by Alex Galchenyuk.
0:40 of 2nd period - Shot Blocked by Raphael Lavoie.
1:14 of 2nd period - Libor Hajek is hit by Alex Galchenyuk and loses puck.
2:16 of 2nd period - Penalty to Gabriel Fortier is over, Gabriel Fortier is back on ice.
2:28 of 2nd period - Penalty to Ilya Solovyov is over, Dylan Sikura is send on ice.
2:40 of 2nd period - Libor Hajek is hit by Xavier Simoneau and loses puck.
3:23 of 2nd period - Alex Galchenyuk is hit by Luke Toporowski and loses puck.
4:12 of 2nd period - Tobie Paquette-Bisson is hit by Luke Toporowski and loses puck.
4:52 of 2nd period - Icing by Jon Lizotte.
4:53 of 2nd period - Alan Quine wins face-off versus Clark Bishop in Texas Stars zone.
4:58 of 2nd period - Joona Luoto is hit by Jonathan Gruden and loses puck.
5:05 of 2nd period - Slapshot by Jonathan Gruden.
5:05 of 2nd period - Stopped by Hunter Shepard with a rebound.
5:07 of 2nd period - Wrist shot by Clark Bishop.
5:07 of 2nd period - Stopped by Hunter Shepard without a rebound.
5:08 of 2nd period - Raphael Lavoie wins face-off versus Cedric Pare in Texas Stars zone.
5:26 of 2nd period - Icing by Jakub Zboril.
5:27 of 2nd period - Raphael Lavoie wins face-off versus Xavier Simoneau in Chicoutimi Sagueneens zone.
5:32 of 2nd period - Tobie Paquette-Bisson is hit by Raphael Lavoie and loses puck.
5:50 of 2nd period - Jon Lizotte is hit by Libor Hajek and loses puck.
6:21 of 2nd period - Icing by Josh Jacobs.
6:22 of 2nd period - Gabriel Fortier wins face-off versus Luke Johnson in Texas Stars zone.
6:47 of 2nd period - Slapshot by Cale Fleury.
6:47 of 2nd period - Shot Blocked by Hugh McGing.
6:49 of 2nd period - Snap shot by Josh Jacobs.
6:49 of 2nd period - Stopped by Magnus Hellberg without a rebound.
6:50 of 2nd period - Clark Bishop wins face-off versus Xavier Simoneau in Chicoutimi Sagueneens zone.
7:05 of 2nd period - Slapshot by Glenn Gawdin.
7:05 of 2nd period - Shot Hit the Post.
8:27 of 2nd period - Snap shot by Luke Johnson.
8:27 of 2nd period - Shot Blocked by Raphael Lavoie.
8:29 of 2nd period - Slapshot by Luke Johnson.
8:29 of 2nd period - Shot Misses the Net.
8:31 of 2nd period - Wrist shot by Matthew Strome.
8:31 of 2nd period - Stopped by Magnus Hellberg with a rebound.
8:52 of 2nd period - Spencer Smallman is hit by Dylan Sikura and loses puck.
9:07 of 2nd period - Slapshot by Joseph Cramarossa.
9:07 of 2nd period - Shot Misses the Net.
9:11 of 2nd period - Wrist shot by Joseph Cramarossa.
9:11 of 2nd period - Stopped by Magnus Hellberg without a rebound.
9:12 of 2nd period - Xavier Simoneau wins face-off versus Gabriel Fortier in Chicoutimi Sagueneens zone.
9:15 of 2nd period - Snap shot by Laurent Dauphin.
9:15 of 2nd period - Shot Blocked by Fabian Lysell.
10:03 of 2nd period - Minor Penalty to Tye Felhaber for Hooking.
10:04 of 2nd period - Raphael Lavoie wins face-off versus Alex Galchenyuk in Chicoutimi Sagueneens zone.
12:03 of 2nd period - Penalty to Tye Felhaber is over, Tye Felhaber is back on ice.
12:07 of 2nd period - Snap shot by Xavier Simoneau.
12:07 of 2nd period - Stopped by Magnus Hellberg without a rebound.
12:08 of 2nd period - Xavier Simoneau wins face-off versus Clark Bishop in Chicoutimi Sagueneens zone.
12:13 of 2nd period - Wrist shot by Laurent Dauphin.
12:13 of 2nd period - Shot Misses the Net.
12:15 of 2nd period - Wrist shot by Laurent Dauphin.
12:15 of 2nd period - Shot Misses the Net.
12:17 of 2nd period - Wrist shot by Laurent Dauphin.
12:17 of 2nd period - Shot Hit the Post.
12:19 of 2nd period - Snap shot by Laurent Dauphin.
12:19 of 2nd period - Shot Misses the Net.
12:21 of 2nd period - Backhand shot by Joseph Cramarossa.
12:21 of 2nd period - Shot Misses the Net.
12:23 of 2nd period - Slapshot by Joseph Cramarossa.
12:23 of 2nd period - Goal by Joseph Cramarossa - Texas Stars : 2 - Chicoutimi Sagueneens : 4.
12:24 of 2nd period - Clark Bishop wins face-off versus Xavier Simoneau in neutral zone.
12:24 of 2nd period - Clark Bishop beats up Jon Lizotte.
12:24 of 2nd period - Penalty to Clark Bishop for Fighting.
12:24 of 2nd period - Penalty to Jon Lizotte for Fighting.
12:25 of 2nd period - Gabriel Fortier wins face-off versus Xavier Simoneau in neutral zone.
12:59 of 2nd period - Slapshot by Spencer Smallman.
12:59 of 2nd period - Stopped by Magnus Hellberg with a rebound.
13:18 of 2nd period - Icing by Josh Jacobs.
13:19 of 2nd period - Alan Quine wins face-off versus Alex Steeves in Texas Stars zone.
13:44 of 2nd period - Wrist shot by Alan Quine.
13:44 of 2nd period - Shot Misses the Net.
14:02 of 2nd period - Cale Fleury is hit by Ridly Greig and loses puck.
14:56 of 2nd period - Nolan Stevens is hit by James Greenway and loses puck.
15:28 of 2nd period - 10 Minutes Misconduct Penalty to Ilya Solovyov is over.
15:33 of 2nd period - Alex Galchenyuk is hit by Josh Maniscalco and loses puck.
15:48 of 2nd period - Olivier Galipeau is hit by Alex Steeves and loses puck.
15:55 of 2nd period - Wrist shot by Gabriel Fortier.
15:55 of 2nd period - Stopped by Hunter Shepard with a rebound.
16:55 of 2nd period - Fabian Lysell is hit by Connor Corcoran and loses puck.
17:54 of 2nd period - Slapshot by Cedric Pare.
17:54 of 2nd period - Shot Misses the Net.
17:56 of 2nd period - Wrist shot by Cale Fleury.
17:56 of 2nd period - Stopped by Magnus Hellberg with a rebound.
17:58 of 2nd period - Slapshot by Jon Lizotte.
17:58 of 2nd period - Shot Misses the Net.
18:00 of 2nd period - Snap shot by Spencer Smallman.
18:00 of 2nd period - Stopped by Magnus Hellberg without a rebound.
18:01 of 2nd period - Gabriel Fortier wins face-off versus Cedric Pare in Chicoutimi Sagueneens zone.
18:28 of 2nd period - Laurent Dauphin is hit by Raphael Lavoie and loses puck.
18:42 of 2nd period - Icing by Hugh McGing.
18:43 of 2nd period - Alan Quine wins face-off versus Jonathan Gruden in Chicoutimi Sagueneens zone.
18:48 of 2nd period - Wrist shot by Alan Quine.
18:48 of 2nd period - Stopped by Magnus Hellberg with a rebound.
19:08 of 2nd period - Slapshot by Ilya Solovyov.
19:08 of 2nd period - Shot Misses the Net.
19:29 of 2nd period - Icing by Cale Fleury.
19:30 of 2nd period - Cedric Pare wins face-off versus Raphael Lavoie in Texas Stars zone.
Goals for this period are 2 for Texas Stars vs 0 for Chicoutimi Sagueneens.
Shots for this period are 10 for Texas Stars vs 3 for Chicoutimi Sagueneens.

3rd period


0:01 of 3rd period - Xavier Simoneau wins face-off versus Gabriel Fortier in neutral zone.
0:29 of 3rd period - Slapshot by Alan Quine.
0:29 of 3rd period - Deflect By Joona Luoto.
0:29 of 3rd period - Shot Blocked by Jakub Zboril.
0:29 of 3rd period - Puck is out of play.
0:30 of 3rd period - Alan Quine wins face-off versus Raphael Lavoie in Chicoutimi Sagueneens zone.
0:31 of 3rd period - Slapshot by Joseph Cramarossa.
0:31 of 3rd period - Stopped by Magnus Hellberg with a rebound.
0:57 of 3rd period - Laurent Dauphin is hit by Clark Bishop and loses puck.
1:02 of 3rd period - Slapshot by Jamie Drysdale.
1:02 of 3rd period - Shot Misses the Net.
1:04 of 3rd period - Snap shot by Jonathan Gruden.
1:04 of 3rd period - Goal by Jonathan Gruden - Texas Stars : 2 - Chicoutimi Sagueneens : 5.
1:05 of 3rd period - Gabriel Fortier wins face-off versus Xavier Simoneau in neutral zone.
1:32 of 3rd period - Raphael Lavoie is hit by Spencer Smallman and loses puck.
1:39 of 3rd period - Wrist shot by Alex Galchenyuk.
1:39 of 3rd period - Stopped by Magnus Hellberg with a rebound.
1:41 of 3rd period - Wrist shot by Alex Galchenyuk.
1:41 of 3rd period - Deflect By Spencer Smallman.
1:41 of 3rd period - Stopped by Magnus Hellberg without a rebound.
1:42 of 3rd period - Alan Quine wins face-off versus Hugh McGing in Chicoutimi Sagueneens zone.
1:58 of 3rd period - Off-side.
1:59 of 3rd period - Xavier Simoneau wins face-off versus Gabriel Fortier in neutral zone.
2:10 of 3rd period - Snap shot by Glenn Gawdin.
2:10 of 3rd period - Shot Blocked by Jakub Zboril.
2:12 of 3rd period - Wrist shot by Laurent Dauphin.
2:12 of 3rd period - Shot Misses the Net.
2:24 of 3rd period - Snap shot by Joona Luoto.
2:24 of 3rd period - Stopped by Magnus Hellberg without a rebound.
2:25 of 3rd period - Raphael Lavoie wins face-off versus Alan Quine in Chicoutimi Sagueneens zone.
2:34 of 3rd period - Olivier Galipeau is hit by Dylan Sikura and loses puck.
3:16 of 3rd period - Off-side.
3:17 of 3rd period - Cedric Pare wins face-off versus Gabriel Fortier in neutral zone.
3:38 of 3rd period - Snap shot by Jamie Drysdale.
3:38 of 3rd period - Shot Misses the Net.
3:40 of 3rd period - Wrist shot by Jakub Zboril.
3:40 of 3rd period - Deflect By Tobie Paquette-Bisson.
3:40 of 3rd period - Stopped by Hunter Shepard without a rebound.
3:41 of 3rd period - Xavier Simoneau wins face-off versus Raphael Lavoie in Texas Stars zone.
3:51 of 3rd period - Icing by Xavier Simoneau.
3:52 of 3rd period - Raphael Lavoie wins face-off versus Xavier Simoneau in Texas Stars zone.
3:53 of 3rd period - Snap shot by Ridly Greig.
3:53 of 3rd period - Stopped by Hunter Shepard with a rebound.
4:28 of 3rd period - Wrist shot by Alex Galchenyuk.
4:28 of 3rd period - Shot Misses the Net.
5:43 of 3rd period - Slapshot by Jamie Drysdale.
5:43 of 3rd period - Shot Misses the Net.
6:07 of 3rd period - Off-side.
6:08 of 3rd period - Alan Quine wins face-off versus Clark Bishop in neutral zone.
6:11 of 3rd period - Slapshot by Josh Jacobs.
6:11 of 3rd period - Shot Misses the Net.
6:13 of 3rd period - Wrist shot by Joseph Cramarossa.
6:13 of 3rd period - Shot Misses the Net.
6:15 of 3rd period - Slapshot by Josh Jacobs.
6:15 of 3rd period - Stopped by Magnus Hellberg with a rebound.
6:17 of 3rd period - Snap shot by Alan Quine.
6:17 of 3rd period - Shot Misses the Net.
6:19 of 3rd period - Backhand shot by Josh Jacobs.
6:19 of 3rd period - Shot Blocked by Reilly Walsh.
6:21 of 3rd period - Slapshot by Cale Fleury.
6:21 of 3rd period - Deflect By Reilly Walsh.
6:21 of 3rd period - Stopped by Magnus Hellberg with a rebound.
6:23 of 3rd period - Slapshot by Joona Luoto.
6:23 of 3rd period - Shot Misses the Net.
7:19 of 3rd period - Slapshot by Nolan Stevens.
7:19 of 3rd period - Stopped by Hunter Shepard with a rebound.
7:37 of 3rd period - Snap shot by Hugh McGing.
7:37 of 3rd period - Goal by Hugh McGing - Texas Stars : 2 - Chicoutimi Sagueneens : 6.
7:38 of 3rd period - Laurent Dauphin wins face-off versus Raphael Lavoie in neutral zone.
7:47 of 3rd period - Snap shot by Laurent Dauphin.
7:47 of 3rd period - Goal by Laurent Dauphin - Texas Stars : 3 - Chicoutimi Sagueneens : 6.
7:48 of 3rd period - Raphael Lavoie wins face-off versus Xavier Simoneau in neutral zone.
7:53 of 3rd period - Snap shot by Ridly Greig.
7:53 of 3rd period - Deflect By Raphael Lavoie.
7:53 of 3rd period - Goal by Raphael Lavoie - Texas Stars : 3 - Chicoutimi Sagueneens : 7.
7:54 of 3rd period - Raphael Lavoie wins face-off versus Xavier Simoneau in neutral zone.
7:56 of 3rd period - Off-side.
7:57 of 3rd period - Raphael Lavoie wins face-off versus Xavier Simoneau in neutral zone.
7:59 of 3rd period - Off-side.
8:00 of 3rd period - Xavier Simoneau wins face-off versus Raphael Lavoie in neutral zone.
8:12 of 3rd period - Snap shot by Dylan Sikura.
8:12 of 3rd period - Stopped by Hunter Shepard with a rebound.
8:14 of 3rd period - Snap shot by Raphael Lavoie.
8:14 of 3rd period - Shot Blocked by Tobie Paquette-Bisson.
8:16 of 3rd period - Wrist shot by Dylan Sikura.
8:16 of 3rd period - Shot Blocked by Tobie Paquette-Bisson.
8:32 of 3rd period - Slapshot by Gabriel Fortier.
8:32 of 3rd period - Stopped by Hunter Shepard with a rebound.
8:34 of 3rd period - Slapshot by Libor Hajek.
8:34 of 3rd period - Shot Blocked by Spencer Smallman.
8:36 of 3rd period - Slapshot by Reilly Walsh.
8:36 of 3rd period - Stopped by Hunter Shepard without a rebound.
8:37 of 3rd period - Alan Quine wins face-off versus Raphael Lavoie in Texas Stars zone.
8:50 of 3rd period - Slapshot by Jamie Drysdale.
8:50 of 3rd period - Shot Blocked by Josh Jacobs.
9:32 of 3rd period - Snap shot by Nolan Stevens.
9:32 of 3rd period - Shot Blocked by Cedric Pare.
9:46 of 3rd period - Snap shot by Cedric Pare.
9:46 of 3rd period - Shot Misses the Net.
9:48 of 3rd period - Wrist shot by James Greenway.
9:48 of 3rd period - Shot Misses the Net.
9:50 of 3rd period - Snap shot by James Greenway.
9:50 of 3rd period - Stopped by Magnus Hellberg with a rebound.
11:50 of 3rd period - Wrist shot by Ridly Greig.
11:50 of 3rd period - Stopped by Hunter Shepard without a rebound.
11:51 of 3rd period - Xavier Simoneau wins face-off versus Gabriel Fortier in Texas Stars zone.
12:03 of 3rd period - Snap shot by Glenn Gawdin.
12:03 of 3rd period - Stopped by Magnus Hellberg with a rebound.
12:21 of 3rd period - Snap shot by Raphael Lavoie.
12:21 of 3rd period - Shot Misses the Net.
12:23 of 3rd period - Wrist shot by Dylan Sikura.
12:23 of 3rd period - Stopped by Hunter Shepard with a rebound.
12:25 of 3rd period - Snap shot by Raphael Lavoie.
12:25 of 3rd period - Stopped by Hunter Shepard without a rebound.
12:26 of 3rd period - Xavier Simoneau wins face-off versus Clark Bishop in Texas Stars zone.
12:41 of 3rd period - Snap shot by Clark Bishop.
12:41 of 3rd period - Goal by Clark Bishop - Texas Stars : 3 - Chicoutimi Sagueneens : 8.
12:42 of 3rd period - Gabriel Fortier wins face-off versus Xavier Simoneau in neutral zone.
12:50 of 3rd period - Off-side.
12:51 of 3rd period - Gabriel Fortier wins face-off versus Xavier Simoneau in neutral zone.
12:59 of 3rd period - Minor Penalty to Xavier Simoneau for Interference.
13:00 of 3rd period - Alex Galchenyuk wins face-off versus Gabriel Fortier in Texas Stars zone.
13:16 of 3rd period - Snap shot by Alex Galchenyuk.
13:16 of 3rd period - Goal by Alex Galchenyuk - Texas Stars : 4 - Chicoutimi Sagueneens : 8.
13:17 of 3rd period - Alex Galchenyuk wins face-off versus Raphael Lavoie in neutral zone.
13:28 of 3rd period - Slapshot by Raphael Lavoie.
13:28 of 3rd period - Deflect By Ridly Greig.
13:28 of 3rd period - Stopped by Hunter Shepard without a rebound.
13:29 of 3rd period - Gabriel Fortier wins face-off versus Alex Galchenyuk in Texas Stars zone.
13:30 of 3rd period - Slapshot by Alex Steeves.
13:30 of 3rd period - Shot Misses the Net.
13:56 of 3rd period - Alex Galchenyuk is hit by Raphael Lavoie and loses puck.
14:47 of 3rd period - Jamie Drysdale is hit by Cedric Pare and loses puck.
14:59 of 3rd period - Penalty to Xavier Simoneau is over, Xavier Simoneau is back on ice.
15:35 of 3rd period - Icing by Tye Felhaber.
15:36 of 3rd period - Nathan Smith wins face-off versus Luke Johnson in Chicoutimi Sagueneens zone.
15:41 of 3rd period - Slapshot by Reilly Walsh.
15:41 of 3rd period - Shot Misses the Net.
16:02 of 3rd period - Snap shot by Xavier Simoneau.
16:02 of 3rd period - Shot Blocked by Jamie Drysdale.
16:20 of 3rd period - Slapshot by Jon Lizotte.
16:20 of 3rd period - Shot Misses the Net.
16:30 of 3rd period - Slapshot by Jamie Drysdale.
16:30 of 3rd period - Shot Misses the Net.
17:52 of 3rd period - Wrist shot by Alex Steeves.
17:52 of 3rd period - Shot Misses the Net.
18:45 of 3rd period - Dylan Sikura is hit by James Greenway and loses puck.
19:10 of 3rd period - Connor Corcoran is hit by Fabian Lysell and loses puck.
19:23 of 3rd period - Alex Galchenyuk is hit by Ilya Solovyov and loses puck.
19:53 of 3rd period - Joona Luoto is hit by Ridly Greig and loses puck.
Goals for this period are 2 for Texas Stars vs 4 for Chicoutimi Sagueneens.
Shots for this period are 10 for Texas Stars vs 14 for Chicoutimi Sagueneens.